 Dungeon Crawl Stone Soup version 0.19.1 (webtiles) character file.

458 SQman the Slasher (level 6, -10/56 HPs)
             Began as a Draconian Chaos Knight on Dec 18, 2016.
             Mangled by an orc warrior
             ... wielding a +0 scimitar
              (24 damage)
             ... on level 4 of the Dungeon.
             The game lasted 00:22:00 (3102 turns).

SQman the Slasher (Draconian Chaos Knight)          Turns: 3102, Time: 00:22:01

Health: -10/56     AC:  7    Str: 17      XL:     6   Next: 77%
Magic:  6/6        EV: 12    Int: 11 (12) God:    Xom [..*...]
Gold:   162        SH:  3    Dex: 10      Spells: 0 memorised, 5 levels left

rFire  . . .     SeeInvis .     a - +0 falchion (chaos)
rCold  . . .     Gourm    .     (armour unavailable)
rNeg   . . .     Faith    .     k - +0 buckler
rPois  .         Spirit   .     (helmet restricted)
rElec  .         Reflect  .     (no cloak)
rCorr  .         Harm     .     d - +0 pair of gloves
MR     .....                    (no boots)
Stlth  ++........               (no amulet)
                                (no ring)
                                (no ring)

@: no status effects
A: unfitting armour, big wings, cold-blooded, AC +6
a: Fly, Renounce Religion


You were on level 4 of the Dungeon.
You worshipped Xom.
You were a toy of Xom.
You were not hungry.

You visited 1 branch of the dungeon, and saw 4 of its levels.

You collected 162 gold pieces.

Inventory:

Hand Weapons
 a - a +0 falchion of chaos (weapon)
 o - a +0 falchion
 s - a +0 falchion
Armour
 d - a +0 pair of gloves (worn)
 f - a +0 leather armour
 i - a cursed +0 helmet
 k - a +0 buckler (worn)
Wands
 p - a wand of confusion (24/48)
Scrolls
 c - 2 scrolls of fog
 e - 3 scrolls of amnesia
 m - 2 scrolls of identify
 r - a scroll of teleportation
Potions
 q - a potion of might
Comestibles
 b - 2 bread rations
 g - 2 fruits
 j - a beef jerky
 l - 3 chunks of flesh
 n - a royal jelly


   Skills:
 + Level 5.0 Fighting
 + Level 5.6 Long Blades
 + Level 3.3 Dodging
 + Level 1.6 Stealth
 + Level 1.2 Shields
 + Level 0.6 Unarmed Combat


You had 5 spell levels left.
You didn't know any spells.

Dungeon Overview and Level Annotations

Branches:
Dungeon (4/15)
 Temple: D:4-7

Altars:
Fedhas
Gozag
Hepliaklqana
Xom

Shops:
D:4 *


Innate Abilities, Weirdness & Mutations

Your plain brown scales are hard. (AC +6)
You cannot fit into any form of body armour.
You are cold-blooded and may be slowed by cold attacks.
Your large and strong wings let you fly indefinitely.


Message History

The orc warrior hits you with a scimitar.
The orc warrior hits you with a scimitar!
You hit the orc warrior. You burn the orc warrior.
Your tail-slap misses the orc warrior.
The orc warrior is heavily wounded.
The orc warrior hits you with a scimitar!!
* * * LOW HITPOINT WARNING * * *
You barely miss the orc warrior.
The orc warrior is heavily wounded.
The orc warrior barely misses you.
You riposte.
You barely miss the orc warrior.
The orc warrior is heavily wounded.
The orc warrior barely misses you.
You riposte.
You closely miss the orc warrior.
The orc warrior is heavily wounded.
You hit the orc warrior.
The orc warrior is poisoned.
The orc warrior is heavily wounded.
The orc warrior hits you with a scimitar!!
You die...
Xom howls with laughter!

.#.....#.# #.##
##.......# ##.#
...<.....#o #..#
###############
##.## ....# #..#
####..#######.##
#
#.....).).)...#
.
####..).#######
# #.o@.# ♣....♣
♣♣...♣ ♣♣.♣♣ ♣♣.
♣


You could see an orc warrior.

Vanquished Creatures
  4 orc priests (D:4)
  A hound (D:4)
  Terence (D:2)
  2 orc wizards (D:4)
  A hound skeleton (D:4)
  8 gnolls
  2 adders (D:2)
  An ooze (D:1)
  An adder skeleton (D:4)
  A worm (D:3)
  A leopard gecko (D:3)
  25 orcs
  2 ball pythons
  3 bats
  6 giant cockroaches
  6 goblins
  9 hobgoblins
  6 jackals
  A quokka (D:2)
  3 frilled lizards
  4 kobolds (D:2)
  11 rats
99 creatures vanquished.

Vanquished Creatures (others)
  2 gnolls (D:2)
2 creatures vanquished.

Grand Total: 101 creatures vanquished

Notes
Turn   | Place    | Note
-------+----------+-------------------------------------------
     0 | D:1      | SQman the Draconian Chaos Knight began the quest for the Orb.
     0 | D:1      | Reached XP level 1. HP: 19/19 MP: 1/1
    48 | D:1      | XOM: butterfly on damage
    51 | D:1      | Reached XP level 2. HP: 9/26 MP: 2/2
   168 | D:1      | XOM: divination: detect creatures
   170 | D:1      | Gained mutation: Your large and strong wings let you fly indefinitely. [potion of mutation]
   170 | D:1      | Gained mutation: You are resistant to hostile enchantments. (MR+) [potion of mutation]
   170 | D:1      | Gained mutation: You are agile. (Dex +2) [potion of mutation]
   194 | D:1      | XOM: give mutation
   194 | D:1      | Gained mutation: You tend to lose your temper in combat. [Xom's mischief]
   254 | D:1      | Reached XP level 3. HP: 16/33 MP: 3/3
   293 | D:1      | XOM: severe Necr miscast
  1265 | D:2      | Noticed Terence
  1282 | D:2      | Killed Terence
  1282 | D:2      | Reached XP level 4. HP: 33/41 MP: 4/4
  1341 | D:2      | XOM: medium Fire miscast
  1370 | D:2      | XOM: mild Pois miscast
  1394 | D:2      | XOM: swap monsters
  1402 | D:2      | Reached skill level 1 in Stealth
  1545 | D:2      | Found a shimmering altar of Xom.
  1764 | D:2      | XOM: fog
  1782 | D:2      | Reached XP level 5. HP: 22/47 MP: 5/5
  1782 | D:2      | XOM: divine lightning (protected)
  1899 | D:3      | Found a blossoming altar of Fedhas.
  2187 | D:3      | Found a hazy altar of Hepliaklqana.
  2215 | D:3      | XOM: god gift: scroll of fog
  2300 | D:3      | XOM: confuse monster(s)
  2501 | D:4      | XOM: give mutation
  2501 | D:4      | Gained mutation: You expend magic power (3 MP) to strengthen your wands. [Xom's mischief]
  2551 | D:4      | Reached skill level 1 in Shields
  2567 | D:4      | Reached XP level 6. HP: 41/55 MP: 6/6
  2571 | D:4      | Reached skill level 5 in Long Blades
  2621 | D:4      | Found Zoybiosch's Elemental Accessories.
  2716 | D:4      | Found an opulent altar of Gozag.
  2725 | D:4      | Lost mutation: You tend to lose your temper in combat. [potion of cure mutation]
  2725 | D:4      | Lost mutation: You expend magic power (3 MP) to strengthen your wands. [potion of cure mutation]
  2725 | D:4      | Lost mutation: You are resistant to hostile enchantments. (MR+) [potion of cure mutation]
  2725 | D:4      | Lost mutation: You are agile. (Dex +2) [potion of cure mutation]
  2783 | D:4      | XOM: butterfly on damage
  2788 | D:4      | XOM: summons friendly quasit
  2792 | D:4      | XOM: cast spell 'Hydra Form'
  2797 | D:4      | XOM: noise
  2819 | D:4      | XOM: noise
  2822 | D:4      | XOM: mild Tloc miscast
  2823 | D:4      | Noticed a spatial vortex
  2823 | D:4      | XOM: divination: detect creatures
  2902 | D:4      | Reached skill level 5 in Fighting
  3016 | D:4      | XOM: harmless Ice miscast
  3078 | D:4      | Noticed an orc warrior
  3080 | D:4      | XOM: confuse monster(s)
  3102 | D:4      | Mangled by an orc warrior

Skill      XL: |  1  2  3  4  5  6 |
---------------+-------------------+-----
Fighting       | 4 5 |  5.0
Long Blades    | 4 5 |  5.6
Stealth        | 1 |  1.6
Shields        | 1 |  1.2
Dodging        | 3 |  3.3
Unarmed Combat | |  0.6

Action                   |  1- 3 |  4- 6 || total
-------------------------+-------+-------++-------
Melee: Falchion          |    98 |   175 ||   273
       Tailslap          |     6 |    24 ||    30
       Unarmed           |       |    12 ||    12
 Abil: Fly               |       |     1 ||     1
       Stop Flying       |       |     1 ||     1
  Use: Scroll            |     4 |     3 ||     7
       Potion            |     3 |    10 ||    13
 Stab: Sleeping          |     3 |       ||     3
       Paralysed         |       |     1 ||     1
       Confused          |       |     2 ||     2
       Petrified         |       |     2 ||     2
  Eat: Chunk             |     1 |     2 ||     3
       Bread ration      |       |     1 ||     1
Armor: Skin              |    27 |    95 ||   122
Dodge: Dodged            |    45 |    94 ||   139
Block: Buckler           |       |    25 ||    25
       Rpst.: Falchion   |    12 |    32 ||    44
